 Dungeon Crawl Stone Soup version 0.29-a0-997-gf6f7e2dfe7 (webtiles) character file.

Game seed: 5849682947219513267

16459 kae the Destroyer (level 12, -5/73 HPs)
             Began as a Tengu Fire Elementalist on Aug 3, 2022.
             Was a Priest of Vehumet.
             Slain by a polar bear (16 damage)
             ... on level 2 of the Lair of Beasts on Aug 4, 2022.
             The game lasted 00:20:56 (15658 turns).

kae the Destroyer (Tengu Fire Elementalist)        Turns: 15658, Time: 00:20:56

Health: -5/73      AC: 13    Str:  9    XL:     12   Next: 37%
Magic:  12/22      EV: 16    Int: 19    God:    Vehumet [***...]
Gold:   751        SH:  0    Dex: 23    Spells: 10/23 levels left

rFire   + + .      SeeInvis .   (no weapon)
rCold   x . .      Faith    .   (no shield)
rNeg    . . .      Spirit   .   p - +3 ring mail of Inquiry {Dex+7}
rPois   .          Reflect  .   (helmet restricted)
rElec   .          Harm     .   k - +2 cloak
rCorr   .          Rampage  .   M - +0 pair of gloves
Will    .....                   (boots unavailable)
Stlth   ++........              x - amulet of magic regeneration
HPRegen 0.22/turn               f - ring of fire
MPRegen 0.58/turn               F - ring of protection from fire

@: flying quickly and evasively, quick
A: beak, talons 3, nimble flight
a: Renounce Religion


You were on level 2 of the Lair of Beasts.
You worshipped Vehumet.
Vehumet was most pleased with you.
You visited 3 branches of the dungeon, and saw 14 of its levels.
You also visited: Sewer.

You collected 849 gold pieces.
You spent 98 gold pieces at shops.


Innate Abilities, Weirdness & Mutations

You have a beak for a mouth.
You have claws for feet.
Your magical nature lets you fly swiftly and evasively.


   Skills:
 + Level 7.9 Fighting
 - Level 5.2 Armour
 - Level 5.5 Dodging
 - Level 2.0 Stealth
 - Level 6.4 Spellcasting
 - Level 12.5 Conjurations
 - Level 6.0 Hexes
 - Level 11.0 Fire Magic


You had 10 spell levels left.
You knew the following spells:

 Your Spells              Type           Power      Damage    Failure   Level
a - Foxfire               Conj/Fire      100%       2x1d9     1%          1
b - Scorch                Fire           100%       2d10      1%          2
c - Conjure Flame         Conj/Fire      66%        6-21      1%          3
d - Inner Flame           Hex/Fire       55%        N/A       1%          3
e - Flame Wave            Conj/Fire      66%        2d15      1%          4

Your spell library contained the following spells:

 Spells                   Type           Power      Damage    Failure   Level
 Hailstorm                Conj/Ice       29%        3d8       5%          4
 Confusing Touch          Hex            28%        N/A       7%          3
 Poisonous Vapours        Pois/Air       12%        N/A       11%         2
 Sting                    Tmut/Pois      24%        1d4       26%         1
 Yara's Violent Unravell  Hex/Tmut       8%         3d5       45%         5
 Olgreb's Toxic Radiance  Pois           6%         N/A       54%         4
 Ozocubu's Armour         Ice            6%         N/A       63%         3
 Metabolic Englaciation   Hex/Ice        8%         N/A       91%         5
 Animate Dead             Necr           6%         N/A       95%         4
 Simulacrum               Ice/Necr       3%         N/A       100%        6
 Enfeeble                 Hex            14%        N/A       100%        7
 Haunt                    Necr/Summ      3%         N/A       100%        7
 Infestation              Necr           3%         N/A       100%        8

Inventory:

Missiles
 c - 7 curare-tipped darts {=f}
 e - 186 stones
 h - 55 poisoned darts
 o - 8 boomerangs
 B - a boomerang of dispersal {=f!f}
 J - 4 atropa-tipped darts
Armour
 k - a +2 cloak (worn)
   (You found it on level 2 of the Dungeon)
 p - the +3 ring mail of Inquiry (worn) {Dex+7}
   (You found it on level 5 of the Dungeon)

   Dex:       It affects your dexterity (+7).
 y - +0 acid dragon scales
   (You found it on level 8 of the Dungeon)
 z - +0 steam dragon scales
   (You found it on level 8 of the Dungeon)
 M - a +0 pair of gloves (worn)
   (You found it on level 11 of the Dungeon)
Jewellery
 f - a ring of fire (left hand)
   (You found it on level 11 of the Dungeon)
 g - an amulet of regeneration
   (You found it on level 3 of the Dungeon)
 x - an amulet of magic regeneration (around neck)
   (You found it on level 7 of the Dungeon)
 A - an amulet of the acrobat
   (You found it on level 11 of the Dungeon)
 F - a ring of protection from fire (right hand)
   (You found it on level 3 of the Dungeon)
 T - an amulet of faith {!P}
   (You found it on level 11 of the Dungeon)
Wands
 w - a wand of roots (4)
   (You found it on level 7 of the Dungeon)
 C - a wand of quicksilver (4)
   (You found it on level 9 of the Dungeon)
 E - a wand of flame (5)
   (You found it on level 10 of the Dungeon)
Scrolls
 a - a scroll of fear
 d - 2 scrolls of immolation {!r!r}
 j - 2 scrolls of fog
 n - 7 scrolls of teleportation {@r4}
 r - 2 scrolls of magic mapping {!r}
 G - a scroll of vulnerability {!r!r}
 I - a scroll of amnesia {unknown}
 K - a scroll of blinking {unknown}
 L - 3 scrolls of identify {@r1}
Potions
 b - a potion of magic
 i - 4 potions of heal wounds {@q2}
 l - 4 potions of mutation {!q}
 m - 8 potions of curing {@q1}
 q - 2 potions of brilliance
 s - 5 potions of haste {@q3}
 t - 2 potions of berserk rage {!q}
 u - 4 potions of lignification {!q}
 v - a potion of ambrosia
 D - a potion of might
 H - 4 potions of attraction {!q}

Dungeon Overview and Level Annotations

Branches:
Dungeon (11/15) Zot: 26071  Temple (1/1) D:6 Zot: 5630    Lair (2/5) D:9 Zot: 10771
    Orc (0/2) D:9           Sewer (visited)
  Swamp: Lair:2-3    Shoals: Lair:2-3     Snake: Lair:2-3    Spider: Lair:2-3

Altars:
Ashenzari
Cheibriados
Dithmenos
Elyvilon
Fedhas
Gozag
Hepliaklqana
Kikubaaqudgha
Makhleb
Nemelex Xobeh
Okawaru
Qazlal
Ru
Sif Muna
Trog
Uskayaw
Vehumet
Wu Jian
Xom
Yredelemnul
Zin
The Shining One

Shops:
D:3 :   D:4 (   D:11 [*[(*

Annotations:
D:7 1 runed translucent door, ZodNigurash's ghost, novice DjFE
D:8 2 transporters, exclusion: orange crystal statue, WLBjork's ghost, novice HOMo
Lair:1 exclusion: door

#..).. .......
#..... .......
##.....
....... P.....
.......
#....#.......
##............
#P....h.......
#@.......
#...†††......
#............
#...#........
#..#.........
P... .....##..
##.. ..#..# .
... .......


You could see a polar bear (berserk).


Message History

Confirm with . or Enter, or press ? or * to list all spells.
Casting: Flame Wave (mildly dangerous; 1% risk of failure)
Press: ? - help, Dir - look around, f - activate You feel a surge of power!
A wave of flame ripples out!
The flame wave engulfs the yak!!
You kill the yak!
Vehumet accepts your kill.
You feel your power returning.
The flame wave engulfs the yak!
The flame wave engulfs the yak!!
You kill the yak!
Vehumet accepts your kill. (Press . to intensify the flame waves.)
You feel very sick. The yak gores you! The wyvern misses you. 😮 HP[-11] MP[-3]
You now have 73 max hp (+1).
You take 11 damage, and now have 52/73 hp.
You lost 3 mp, and now have 17/22 mp.
A wave of flame ripples out!
The flame wave engulfs the wyvern!
You kill the wyvern!
Vehumet accepts your kill.
You feel your power returning.
The flame wave engulfs the yak!
You kill the yak!
Vehumet accepts your kill.
You feel your power returning.
You feel very sick.
A polar bear comes into view. 😮 HP[-3] MP[+4]
You take 3 damage, and now have 49/73 hp.
You regained 4 mp, and now have 21/22 mp.
A wave of flame ripples out!
You finish channelling waves of flame.
You feel very sick. 😮 HP[-2] MP[-1]
You take 2 damage, and now have 47/73 hp.
You lost 1 mp, and now have 20/22 mp.
Casting: Flame Wave (mildly dangerous; 1% risk of failure)
Confirm with . or Enter, or press ? or * to list all spells.
You feel a surge of power!
You conjure some foxfire!
You feel sick.
You feel sick. 😮 HP[-4]
You take 4 damage, and now have 43/73 hp.
Casting: Foxfire (safe; 1% risk of failure)
Confirm with . or Enter, or press ? or * to list all spells.
You feel a surge of power!
You conjure some foxfire!
You feel sick.
You feel sick.
The foxfire hits the polar bear but does no damage.
The foxfire hits the polar bear. 😮 HP[-3] MP[+1]
You take 3 damage, and now have 40/73 hp.
Casting: Foxfire (safe; 1% risk of failure)
Confirm with . or Enter, or press ? or * to list all spells.
You feel a surge of power!
Flames lash the polar bear.
The polar bear's fire resistance burns away.
You feel sick. The polar bear closely misses you.
The polar bear claws you but does no damage.
The polar bear closely misses you.
You feel sick. The polar bear misses you. The polar bear barely misses you.
The polar bear claws you.
* * * LOW HITPOINT WARNING * * *
😨 HP[-4] MP[-1]
You take 4 damage, and now have 36/73 hp.
You lost 1 mp, and now have 20/22 mp.
Casting: Scorch (safe; 1% risk of failure)
Confirm with . or Enter, or press ? or * to list all spells.
Casting: Flame Wave (mildly dangerous; 1% risk of failure)
Press: ? - help, Dir - look around, f - activate You feel a surge of power!
A wave of flame ripples out!
The flame wave engulfs the polar bear.
The polar bear is burned terribly! (Press . to intensify the flame waves.)
You feel sick.
The polar bear bites you but does no damage.
The polar bear claws you but does no damage.
The polar bear closely misses you. 😨 HP[-1] MP[-4]
You take 1 damage, and now have 35/73 hp.
You lost 4 mp, and now have 16/22 mp.
A wave of flame ripples out!
The flame wave engulfs the polar bear!!
The polar bear is burned terribly!
You feel sick.
You are no longer poisoned.
The polar bear goes berserk! 😨 HP[-1]
You take 1 damage, and now have 34/73 hp.
A wave of flame ripples out!
The flame wave engulfs the polar bear.
The polar bear is burned terribly!
You finish channelling waves of flame.
The polar bear bites you!!
* * * LOW HITPOINT WARNING * * *
The polar bear claws you but does no damage. x2 😱 HP[-23]
You take 23 damage, and now have 11/73 hp.
MASSIVE DAMAGE!! (PAUSE)
Casting: Flame Wave (mildly dangerous; 1% risk of failure)
Confirm with . or Enter, or press ? or * to list all spells.
Casting: Flame Wave (mildly dangerous; 1% risk of failure)
Press: ? - help, Dir - look around, f - activate You feel a surge of power!
A wave of flame ripples out!
The flame wave engulfs the polar bear!
The polar bear is burned terribly! (Press . to intensify the flame waves.)
The polar bear is no longer more vulnerable to fire.
The polar bear bites you!
You die...

Skill      XL: |  1  2  3  4  5  6  7  8  9 10 11 12 |
---------------+-------------------------------------+-----
Conjurations   | 2 3 4 6 7 9 11 12 | 12.5
Fire Magic     | 4 5 6 8 10 11 | 11.0
Spellcasting   | 3 4 5 6 |  6.4
Hexes          | 4 5 6 |  6.0
Fighting       | 5 7 |  7.9
Dodging        | 5 |  5.5
Armour         | 5 |  5.2
Stealth        | |  2.0

Action                   |  1- 3 |  4- 6 |  7- 9 | 10-12 || total
-------------------------+-------+-------+-------+-------++-------
Melee: Unarmed           |     3 |     9 |    13 |    16 ||    41
       Kick              |     1 |     4 |     6 |     7 ||    18
       Peck              |       |     1 |     3 |     4 ||     8
 Cast: Foxfire           |    44 |    87 |   199 |   140 ||   470
       Scorch            |     3 |     5 |    51 |    61 ||   120
       Inner Flame       |       |     1 |     1 |     1 ||     3
       Conjure Flame     |       |       |     5 |     7 ||    12
       Flame Wave        |       |       |     1 |    35 ||    36
  Use: Scroll            |     3 |     8 |     7 |     7 ||    25
       Potion            |       |     2 |       |     1 ||     3
Armor: Robe              |     5 |     2 |    10 |       ||    17
       Ring mail         |       |       |    50 |    57 ||   107
Dodge: Dodged            |    16 |    22 |   112 |   157 ||   307

Levels and vault maps discovered:
D:1:      eino_arrival_druids_welcome, layout_rooms
D:2:      layout_basic, uniq_jessica
D:3:      layout_rooms, mainiacjoe_overflow_catwalk, serial_shops,
          nicolae_square_shop, kennysheep_generic_room_10, uniq_grinder
D:4:      layout_cave_pods, regret_index_temple_of_mockery, serial_shops,
          nicolae_shop_trees, minmay_misc_feat_five, hangedman_decor_growths,
          corexii_corridor_pit
D:5:      layout_basic, lemuel_doored_altar, uniq_eustachio, uniq_sigmund
D:6:      layout_layer_cave, grunt_temple_overflow_order_and_chaos_2,
          lemuel_tele_altar, minmay_temple_entry_antechambers,
          cheibrodos_sewer_entry_drain, nicolae_zen_rock_garden, minmay_between
D:7:      layout_loops_corners, grunt_gozag_statues, ebering_ghost_inner_flame,
          minmay_circle_x, uniq_menkaure, uniq_pikel
D:8:      minmay_statue_hallways, layout_basic, old_standard_altar,
          gammafunk_ghost_arena
D:9:      minmay_clustersquares, layout_gridville, old_standard_altar,
          dpeg_oklobed_lair, erik_orc_1, st_stairs_4, serial_park_tiny_2
D:10:     layout_small_grid, uniq_grum
D:11:     layout_loops_ring, serial_shops, nicolae_shop_hallway_stairs,
          nicolae_lakefront_shop, kennysheep_mini, nicolae_inconvenience_store,
          nicolae_shop_behind_doors, grunt_dithmenos_smoke_and_mirrors
Temple:   hc_temple_tempest_star
Lair:1:   gammafunk_lair_enchanted_lake, layout_regular_city,
          nicolae_quartered_pool_impasse, cheibrodos_lair_caveside_slide
Lair:2:   layout_gridlike, columned_hall_lemuel, minmay_shattered_shrine,
          lemuel_fruit_fields

Notes
Turn   | Place    | Note
-------+----------+-------------------------------------------
     0 | D:1      | kae the Tengu Fire Elementalist began the quest for the
                  | Orb.
     0 | D:1      | Reached XP level 1. HP: 10/10 MP: 4/4
     0 | D:1      | magus.rc [v1.11.3]
   258 | D:1      | Reached skill level 2 in Conjurations
   258 | D:1      | Reached XP level 2. HP: 15/15 MP: 0/6
   724 | D:2      | Learned a level 2 spell: Scorch
   770 | D:2      | Reached XP level 3. HP: 18/19 MP: 2/7
  1072 | D:2      | Noticed Jessica
  1077 | D:2      | Reached skill level 4 in Fire Magic
  1102 | D:2      | Reached skill level 3 in Conjurations
  1259 | D:2      | Killed Jessica
  1260 | D:2      | Reached XP level 4. HP: 24/24 MP: 4/8
  1801 | D:3      | Reached skill level 4 in Conjurations
  1801 | D:3      | Gained mutation: Your magical nature lets you fly swiftly
                  | and evasively. [Tengu growth]
  1801 | D:3      | Reached XP level 5. HP: 26/28 MP: 0/10
  1899 | D:3      | Identified the +1 leather armour of Yesterday {Str+4 Dex+4}
  1912 | D:3      | Noticed Grinder
  2231 | D:3      | You pick up a book of Winter and begin reading...
  2231 | D:3      | You add the spells Ozocubu's Armour, Metabolic Englaciation
                  | and Simulacrum to your library.
  2253 | D:3      | Found Ontunuxa's Book Shoppe.
  2324 | D:3      | Learned a level 3 spell: Conjure Flame
  2328 | D:3      | Learned a level 3 spell: Inner Flame
  2360 | D:3      | Paralysed by Grinder for 2 turns
  2618 | D:4      | Noticed a phantom
  2619 | D:4      | Found Roelua's Antique Weapon Boutique.
  2626 | D:4      | Killed a phantom
  2627 | D:4      | Reached skill level 3 in Spellcasting
  2627 | D:4      | Reached skill level 5 in Fire Magic
  2771 | D:3      | Reached XP level 6. HP: 32/32 MP: 9/11
  2861 | D:3      | Found a snail-covered altar of Cheibriados.
  2940 | D:3      | Paralysed by Grinder for 2 turns
  2954 | D:3      | Killed Grinder
  2955 | D:3      | Reached skill level 5 in Conjurations
  3202 | D:4      | You pick up a book of Flames and begin reading...
  3428 | D:4      | Identified the +1 short sword of the Fulmar {flame, *Rage
                  | rElec rF++ Int+3}
  3479 | D:4      | Reached skill level 6 in Conjurations
  3479 | D:4      | Reached skill level 6 in Fire Magic
  3479 | D:4      | Reached XP level 7. HP: 34/36 MP: 8/13
  3610 | D:4      | Found a hazy altar of Hepliaklqana.
  3611 | D:4      | Found a shimmering altar of Xom.
  3612 | D:4      | Noticed a spectral ugly thing
  4200 | D:5      | Entered Level 5 of the Dungeon
  4360 | D:5      | Upgraded the game from 0.29-a0-994-gc5c9f59d18 to
                  | 0.29-a0-997-gf6f7e2dfe7
  4360 | D:5      | magus.rc [v1.11.3]
  4364 | D:5      | Reached skill level 7 in Conjurations
  4594 | D:5      | Reached skill level 4 in Spellcasting
  4594 | D:5      | Reached XP level 8. HP: 39/41 MP: 7/15
  4667 | D:5      | Identified the +3 ring mail of Inquiry {Dex+7}
  4703 | D:5      | Noticed Eustachio
  4726 | D:5      | Killed Eustachio
  4727 | D:5      | Reached skill level 7 in Fire Magic
  4827 | D:5      | Reached skill level 8 in Conjurations
  4866 | D:5      | Found an ornate altar of the Wu Jian Council.
  4882 | D:5      | Noticed Sigmund
  5040 | D:4      | Learned a level 4 spell: Flame Wave
  5051 | D:5      | Killed Sigmund
  5653 | D:6      | Found a glowing drain.
  5668 | Sewer    | Entered a sewer
  5899 | Sewer    | Found a burning altar of Makhleb.
  5921 | Sewer    | Reached skill level 8 in Fire Magic
  6123 | Sewer    | Reached skill level 9 in Conjurations
  6510 | D:6      | Found a staircase to the Ecumenical Temple.
  6568 | D:6      | Found a burning altar of Makhleb.
  6572 | D:6      | Noticed a cacodemon
  6575 | D:6      | Found a glowing silver altar of Zin.
  6575 | D:6      | Noticed an angel
  6588 | D:6      | Found a shimmering blue altar of Sif Muna.
  7232 | D:6      | Reached XP level 9. HP: 44/45 MP: 13/17
  7351 | D:6      | Reached skill level 5 in Spellcasting
  7631 | Temple   | Entered the Ecumenical Temple
  8024 | Temple   | Became a worshipper of Vehumet
  8057 | D:7      | Found an opulent altar of Gozag.
  8194 | D:7      | Found a runed translucent door.
  8195 | D:7      | Noticed a catoblepas
  8196 | D:7      | Noticed ZodNigurash's ghost (novice DjFE)
  8202 | D:7      | You pick up a book of Misfortune and begin reading...
  8202 | D:7      | You add the spells Confusing Touch, Yara's Violent
                  | Unravelling and Enfeeble to your library.
  8310 | D:7      | Reached skill level 10 in Conjurations
  8310 | D:7      | Reached skill level 9 in Fire Magic
  8552 | D:7      | Noticed Pikel
  8583 | D:7      | Killed Pikel
  8755 | D:7      | Reached skill level 11 in Conjurations
  8916 | D:7      | Noticed Menkaure
  8922 | D:7      | Killed Menkaure
  8923 | D:7      | Reached skill level 10 in Fire Magic
  9261 | D:7      | Reached XP level 10. HP: 39/50 MP: 11/19
  9263 | D:7      | Reached skill level 6 in Spellcasting
  9266 | D:7      | Reached skill level 12 in Conjurations
  9975 | D:8      | Found a transporter.
  9975 | D:8      | Noticed WLBjork's ghost (novice HOMo)
  9998 | D:8      | Found a transporter.
  9999 | D:8      | Noticed a boulder beetle
 10379 | D:8      | Reached skill level 11 in Fire Magic
 10401 | D:8      | Found a broken altar of Ashenzari.
 10514 | D:8      | Reached * piety under Vehumet
 10514 | D:8      | Offered knowledge of Magic Dart by Vehumet.
 10582 | D:8      | Noticed an orange crystal statue
 10637 | D:8      | Reached skill level 1 in Hexes
 10837 | D:8      | You add the spells Sting, Poisonous Vapours and Olgreb's
                  | Toxic Radiance to your library.
 10896 | D:9      | Reached skill level 2 in Hexes
 10896 | D:9      | HP: 9/50 [yak (5)]
 10901 | D:8      | HP: 9/50 [poisoned by a killer bee]
 10950 | D:9      | HP: 11/50 [yak (3)]
 10951 | D:9      | Reached skill level 3 in Hexes
 10952 | D:9      | Noticed a two-headed ogre
 11045 | D:9      | Reached skill level 4 in Hexes
 11046 | D:9      | HP: 11/50 [wyvern (10)]
 11050 | D:9      | Reached XP level 11. HP: 13/54 MP: 5/21
 11241 | D:9      | Reached skill level 5 in Hexes
 11241 | D:9      | Reached skill level 2 in Fighting
 11244 | D:9      | Reached skill level 3 in Fighting
 11345 | D:9      | You pick up a book of Death and begin reading...
 11345 | D:9      | You add the spells Animate Dead, Haunt and Infestation to
                  | your library.
 11396 | D:9      | Found an ancient bone altar of Kikubaaqudgha.
 11459 | D:9      | Reached ** piety under Vehumet
 11461 | D:9      | Offered knowledge of Freeze by Vehumet.
 11518 | D:9      | Reached skill level 4 in Fighting
 11637 | D:9      | Found a staircase to the Orcish Mines.
 11829 | D:9      | Noticed a green ugly thing
 11858 | D:9      | Noticed a six-headed hydra
 12014 | D:9      | Found a staircase to the Lair.
 12077 | D:9      | Offered knowledge of Mephitic Cloud by Vehumet.
 12211 | D:9      | Killed a six-headed hydra
 12212 | D:9      | Reached skill level 5 in Fighting
 12283 | D:9      | HP: 12/64 [hornet (6)]
 12284 | D:9      | Killed a green ugly thing
 12285 | D:9      | Reached skill level 3 in Dodging
 12285 | D:9      | HP: 3/64 [poisoned by a green ugly thing]
 12286 | D:9      | HP: 1/64 [poisoned by a green ugly thing]
 12391 | D:9      | Reached skill level 4 in Dodging
 12507 | D:9      | magus.rc [v1.11.3]
 12535 | D:10     | Entered Level 10 of the Dungeon
 12676 | D:10     | Noticed Grum
 12686 | D:10     | Killed Grum
 12687 | D:10     | Reached skill level 5 in Dodging
 12773 | D:10     | Reached *** piety under Vehumet
 13426 | D:11     | Found Ocennuca's Assorted Antiques.
 13443 | D:11     | Noticed a manticore
 13471 | D:11     | Bought a scroll of identify for 42 gold pieces
 13536 | D:11     | Reached skill level 1 in Armour
 13545 | D:11     | Reached skill level 2 in Armour
 13627 | D:11     | Killed a manticore
 13628 | D:11     | Reached skill level 3 in Armour
 13761 | D:11     | Found a shadowy altar of Dithmenos.
 13813 | D:11     | Found Yhonnex's Weapon Shop.
 13958 | D:11     | Reached skill level 4 in Armour
 14073 | D:11     | Found Naovyine's Armour Shoppe.
 14099 | D:11     | Found Laev Mec's Antique Armour Shop.
 14175 | D:11     | Found Ziruax's Assorted Antiques.
 14178 | D:11     | Bought a scroll of identify for 56 gold pieces
 14349 | Lair:1   | Entered Level 1 of the Lair of Beasts
 14534 | Lair:1   | Reached skill level 5 in Armour
 14734 | Lair:1   | Offered knowledge of Hailstorm by Vehumet.
 14738 | Lair:1   | Noticed a five-headed hydra
 14763 | Lair:1   | Killed a five-headed hydra
 14764 | Lair:1   | Reached XP level 12. HP: 64/69 MP: 22/22
 14940 | Lair:1   | Reached skill level 6 in Hexes
 14940 | Lair:1   | Reached skill level 6 in Fighting
 15310 | Lair:1   | Noticed a dire elephant
 15332 | Lair:1   | Found a runed translucent door.
 15572 | Lair:1   | Reached skill level 7 in Fighting
 15657 | Lair:2   | HP: 11/73 [polar bear (24)]
 15658 | Lair:2   | Slain by a polar bear

Vanquished Creatures
  2 hydras
  Pikel (D:7)
  An ugly thing (D:9)
  A manticore (D:11)
  An elephant (Lair:1)
  A black mamba (Lair:1)
  2 cane toads
  3 rime drakes (Lair:1)
  2 komodo dragons (Lair:1)
  2 trolls
  A hornet (D:9)
  Grinder (D:3)
  Sigmund (D:5)
  A shadow (D:11)
  5 wyverns
  25 yaks
  Eustachio (D:5)
  Grum (D:10)
  2 steam dragons (D:8)
  Menkaure (D:7)
  2 acid dragons
  5 water moccasins
  3 orc warriors
  2 sky beasts
  3 black bears
  A swamp drake (D:9)
  An ice beast (D:7)
  2 ogres
  4 wolves (D:10)
  3 centaurs
  A phantom (D:4)
  4 kobold brigands
  5 bullfrogs
  A necrophage (D:8)
  A gnoll sergeant (D:9)
  3 scorpions
  3 wights (D:8)
  6 killer bees
  11 howler monkeys
  A quasit (Sewer)
  8 orc priests
  4 hounds
  5 jellies
  A gnoll bouda (D:9)
  Jessica (D:2)
  12 orc wizards
  5 iguanas
  11 gnolls
  3 adders
  2 shadow imps
  2 white imps
  5 ufetubi
  2 worms
  2 dart slugs
  36 orcs
  A bat zombie (Sewer)
  9 endoplasms
  2 giant cockroaches (D:2)
  6 goblins
  10 hobgoblins
  3 jackals (D:3)
  22 kobolds
  7 quokkas
  7 ball pythons
  12 bats
  2 frilled lizards
  3 rats
300 creatures vanquished.

Vanquished Creatures (collateral kills)
  A foxfire (Lair:1)
1 creature vanquished.

Vanquished Creatures (others)
  An endoplasm (Sewer)
  790 foxfires
  5 fungi (Lair:1)
  4 plants (Lair:1)
  9 toadstools (Lair:1)
809 creatures vanquished.

Grand Total: 1110 creatures vanquished

Table legend:
 A = Non-vault XP
 B = Vault XP
 C = Vault XP percentage of total XP
 D = Non-vault monster count
 E = Vault monster count
 F = Vault count percentage of total count
                 A         B        C        D         E       F
            +---------+---------+-------+---------+---------+-------
      Total |   14901 |    8613 |  36.6 |     208 |      92 |  30.7
            +---------+---------+-------+---------+---------+-------
        D:1 |      19 |       0 |   0.0 |      12 |       0 |   0.0
        D:2 |      49 |      37 |  43.0 |      20 |       1 |   4.8
        D:3 |     126 |     244 |  65.9 |      20 |       1 |   4.8
        D:4 |     321 |       0 |   0.0 |      23 |       0 |   0.0
        D:5 |     573 |     405 |  41.4 |      23 |       2 |   8.0
        D:6 |     380 |     269 |  41.4 |       7 |       7 |  50.0
        D:7 |    1811 |    1327 |  42.3 |      14 |       7 |  33.3
        D:8 |    1456 |       0 |   0.0 |      15 |       0 |   0.0
        D:9 |    3439 |    3184 |  48.1 |      33 |      30 |  47.6
       D:10 |     685 |     651 |  48.7 |      20 |       5 |  20.0
       D:11 |    1819 |       0 |   0.0 |       7 |       0 |   0.0
     Lair:1 |    2855 |    2186 |  43.4 |       8 |       7 |  46.7
     Lair:2 |    1368 |       0 |   0.0 |       6 |       0 |   0.0
      Sewer |       0 |     310 | 100.0 |       0 |      32 | 100.0
            +---------+---------+-------+---------+---------+-------

Illustrated notes

Table legend:
 A = Kills in this place as a percentage of kills in entire the game.
 B = Kills by you in this place as a percentage of kills by you in the entire game.
 C = Kills by friends in this place as a percentage of kills by friends in the entire game.
 D = Other kills in this place as a percentage of other kills in the entire game.
 E = Experience gained in this place as a percentage of experience gained in the entire game.
 F = Experience gained in this place divided by the number of levels of this place that you have seen.
                   A       B       C       D       E      F
               +-------+-------+-------+-------+-------+----------------------
         Total | 100.0 | 100.0 |   N/A |   N/A | 100.0 | 1567.6
       Dungeon |  82.3 |  82.3 |   N/A |   N/A |  71.4 | 1526.8
          Lair |   7.0 |   7.0 |   N/A |   N/A |  27.3 | 3204.5
         Sewer |  10.7 |  10.7 |   N/A |   N/A |   1.3 | 310.0
               +-------+-------+-------+-------+-------+----------------------

Table legend: (Time is in decaauts)
 A = Elapsed time spent in this place.
 B = Non-inter-level travel time spent in this place.
 C = Inter-level travel time spent in this place.
 D = Time resting spent in this place.
 E = Time spent auto-exploring this place.
 F = Levels seen in this place.
 G = Mean time per level.
                   A        B        C        D        E       F      G
               +--------+--------+--------+--------+--------+-----+--------+
         Total |  14843 |  14335 |    508 |   1549 |  10403 |  15 |  989.5 |
       Dungeon |  12585 |  12145 |    440 |   1351 |   8793 |  11 | 1144.1 |
        Temple |    369 |    313 |     56 |      0 |    300 |   1 |  369.0 |
          Lair |   1227 |   1216 |     11 |    175 |    863 |   2 |  613.5 |
         Sewer |    661 |    661 |      0 |     23 |    446 |   1 |  661.0 |
               +--------+--------+--------+--------+--------+-----+--------+

Top non-repeatable levels by time:
     D:7: 1496 daAuts
     D:4: 1433 daAuts
     D:6: 1426 daAuts
     D:9: 1403 daAuts
     D:8: 1359 daAuts
  Lair:1: 1206 daAuts
     D:3: 1181 daAuts
     D:2: 965 daAuts
     D:5: 960 daAuts
    D:11: 858 daAuts
    D:10: 792 daAuts
     D:1: 707 daAuts
   Sewer: 661 daAuts
  Temple: 369 daAuts
  Lair:2: 21 daAuts
